TOP OF THE 1ST |
---|
Florida Gators batting - Pitching for Villanova Wildcats : LHP Tom Simms | Pitching: LHP Tom Simms | | Batting: RHB Miguel Jaramillo | 0-0: Ball 1-0: Foul Ball, location: 2F 1-1: Ball 2-1: SINGLE (Line Drive, 9S) | Batting: RHB Dwayne Dickey | 0-0: Called Strike 0-1: Ball 1-1: Swinging Strike 1-2: SINGLE (Groundball, 56D) Miguel Jaramillo to second | Batting: LHB Juan Salas | 0-0: Fly out, F6 (Line Drive, 6) Lined into DP, 6-4 (Line Drive, 6) | Batting: RHB Ryan Huber | 0-0: SINGLE (Groundball, 6) (infield hit) Dwayne Dickey to second | Batting: RHB Tom Robinson | 0-0: Fielders Choice at 2nd, 5-4 (Groundball, 5) | Top of the 1st over - 0 runs, 3 hits, 0 errors, 2 left on base; Florida 0 - Villanova 0 | BOTTOM OF THE 1ST |
---|
Villanova Wildcats batting - Pitching for Florida Gators : RHP Brian Sweet | Pitching: RHP Brian Sweet | | Batting: RHB Bud López | 0-0: Ball 1-0: Foul Ball, location: 2F 1-1: Ball 2-1: Ball 3-1: Base on Balls | Batting: RHB Michael Boulanger | 0-0: Ball 1-0: Fly out, F3 (Popup, 3SF) | Batting: LHB William Donnelly | 0-0: Ball 1-0: Foul Ball, location: 2F 1-1: Foul Ball, location: 2F 1-2: Ball 2-2: 2-RUN HOME RUN (Flyball, 9D), Distance : 349 ft | Batting: RHB Paul Bell | 0-0: Ball 1-0: Ball 2-0: Ball 3-0: Called Strike 3-1: Fly out, F7 (Flyball, 78M) | Batting: RHB Gary Jones | 0-0: Ball 1-0: Called Strike 1-1: Swinging Strike 1-2: Foul Ball, location: 2F 1-2: Ball 2-2: Strikes out swinging | Bottom of the 1st over - 2 runs, 1 hit, 0 errors, 0 left on base; Florida 0 - Villanova 2 | TOP OF THE 2ND |
---|
Florida Gators batting - Pitching for Villanova Wildcats : LHP Tom Simms | Batting: RHB Shayne Garneau | 0-0: Called Strike 0-1: Foul Ball, location: 2F 0-2: Strikes out looking | Batting: LHB Daniel Brennan | 0-0: Ball 1-0: Ball 2-0: Called Strike 2-1: Swinging Strike 2-2: Ball 3-2: Fly out, F7 (Flyball, 78M) | Batting: RHB Fred Byrd | 0-0: Called Strike 0-1: Ball 1-1: Ball 2-1: Foul Ball, location: 2F 2-2: Foul Ball, location: 2F 2-2: Strikes out swinging | Top of the 2nd over - 0 runs, 0 hits, 0 errors, 0 left on base; Florida 0 - Villanova 2 | BOTTOM OF THE 2ND |
---|
Villanova Wildcats batting - Pitching for Florida Gators : RHP Brian Sweet | Batting: LHB Anthony Samples | 0-0: Ball 1-0: Foul Ball, location: 2F 1-1: Called Strike 1-2: Foul Ball, location: 2F 1-2: Ball 2-2: Strikes out swinging | Batting: RHB Clay Cowden | 0-0: Called Strike 0-1: Foul Ball, location: 2F 0-2: Foul Ball, location: 2F 0-2: Ball 1-2: Foul Ball, location: 2F 1-2: Ball 2-2: DOUBLE (Line Drive, 7LD) | Batting: RHB Howard Lynch | 0-0: Ball 1-0: Ball 2-0: Called Strike 2-1: Foul Ball, location: 2F 2-2: Ball 3-2: Foul Ball, location: 2F 3-2: Strikes out swinging | Batting: SHB Neil Floyd | 0-0: Called Strike 0-1: Swinging Strike 0-2: Foul Ball, location: 2F 0-2: Ground out 1-3 (Groundball, 13S) | Bottom of the 2nd over - 0 runs, 1 hit, 0 errors, 1 left on base; Florida 0 - Villanova 2 | TOP OF THE 3RD |
---|
Florida Gators batting - Pitching for Villanova Wildcats : LHP Tom Simms | Batting: LHB Eddie Winters | 0-0: Ball 1-0: Foul Ball, location: 2F 1-1: Ball 2-1: Swinging Strike 2-2: Ball 3-2: Foul Ball, location: 2F 3-2: Strikes out swinging | Batting: RHB Miguel Jaramillo | 0-0: Foul Ball, location: 2F 0-1: Called Strike 0-2: Ball 1-2: Ground out 5-3 (Groundball, 56S) | Batting: RHB Dwayne Dickey | 0-0: Called Strike 0-1: Swinging Strike 0-2: Reached on error, E6 (Groundball, 6) | Batting: LHB Juan Salas | 0-0: Foul Ball, location: 2F 0-1: Ball 1-1: Fly out, F8 (Flyball, 8RD) | Top of the 3rd over - 0 runs, 0 hits, 1 error, 1 left on base; Florida 0 - Villanova 2 | BOTTOM OF THE 3RD |
---|
Villanova Wildcats batting - Pitching for Florida Gators : RHP Brian Sweet | Batting: RHB Bud López | 0-0: Ball 1-0: Called Strike 1-1: Ball 2-1: Fly out, F9 (Flyball, 9LSF) | Batting: RHB Michael Boulanger | 0-0: Fly out, F9 (Flyball, 89M) | Batting: LHB William Donnelly | 0-0: Called Strike 0-1: Called Strike 0-2: Foul Ball, location: 2F 0-2: Ball 1-2: Ball 2-2: Foul Ball, location: 2F 2-2: Ball 3-2: Base on Balls | Batting: RHB Paul Bell | 0-0: Ball 1-0: Fly out, F5 (Line Drive, 56) | Bottom of the 3rd over - 0 runs, 0 hits, 0 errors, 1 left on base; Florida 0 - Villanova 2 | TOP OF THE 4TH |
---|
Florida Gators batting - Pitching for Villanova Wildcats : LHP Tom Simms | Batting: RHB Ryan Huber | 0-0: Ball 1-0: Ball 2-0: Called Strike 2-1: Ball 3-1: Base on Balls | Batting: RHB Tom Robinson | 0-0: Called Strike Ryan Huber steals 2nd base 0-1: SINGLE (Line Drive, 8LS) Ryan Huber to third | Batting: RHB Shayne Garneau | 0-0: Fly out, F9 (Line Drive, 9LM) Runner from 3rd tags up, SCORES, no throw | Batting: LHB Daniel Brennan | 0-0: Grounds into double play, 4-6-3 (Groundball, 4) | Top of the 4th over - 1 run, 1 hit, 0 errors, 0 left on base; Florida 1 - Villanova 2 | BOTTOM OF THE 4TH |
---|
Villanova Wildcats batting - Pitching for Florida Gators : RHP Brian Sweet | Batting: RHB Gary Jones | 0-0: Called Strike 0-1: Ball 1-1: Swinging Strike 1-2: Strikes out swinging, 2-3 out at first. | Batting: LHB Anthony Samples | 0-0: Swinging Strike 0-1: Called Strike 0-2: Ball 1-2: Fly out, F7 (Flyball, 78S) | Batting: RHB Clay Cowden | 0-0: Ball 1-0: Called Strike 1-1: Foul Ball, location: 2F 1-2: Foul Ball, location: 2F 1-2: Ball 2-2: Ball 3-2: Base on Balls | Batting: RHB Howard Lynch | 0-0: Ball 1-0: Foul Ball, location: 2F 1-1: Ground out U3 (Groundball, 3) | Bottom of the 4th over - 0 runs, 0 hits, 0 errors, 1 left on base; Florida 1 - Villanova 2 | TOP OF THE 5TH |
---|
Florida Gators batting - Pitching for Villanova Wildcats : LHP Tom Simms | Batting: RHB Fred Byrd | 0-0: Ball 1-0: Ball 2-0: Foul Ball, location: 2F 2-1: Swinging Strike 2-2: Strikes out swinging, 2-3 out at first. | Batting: LHB Eddie Winters | 0-0: Called Strike 0-1: Foul Ball, location: 2F 0-2: Foul Ball, location: 2F 0-2: Ball 1-2: Foul Ball, location: 2F 1-2: Strikes out swinging | Batting: RHB Miguel Jaramillo | 0-0: Called Strike 0-1: Called Strike 0-2: Ball 1-2: Strikes out looking | Top of the 5th over - 0 runs, 0 hits, 0 errors, 0 left on base; Florida 1 - Villanova 2 | BOTTOM OF THE 5TH |
---|
Villanova Wildcats batting - Pitching for Florida Gators : RHP Brian Sweet | Pitching: RHP Mike Walker | | Batting: SHB Neil Floyd | 0-0: Foul Ball, location: 2F 0-1: Swinging Strike 0-2: Ball 1-2: Ball 2-2: Fly out, F8 (Flyball, 8LD) | Batting: RHB Bud López | 0-0: Ball 1-0: Ball 2-0: Ball 3-0: Called Strike 3-1: Fly out, F8 (Flyball, 89D) | Batting: RHB Michael Boulanger | 0-0: Called Strike 0-1: Foul Ball, location: 2F 0-2: Foul Ball, location: 2F 0-2: Foul Ball, location: 2F 0-2: Fly out, F8 (Flyball, 8LS) | Bottom of the 5th over - 0 runs, 0 hits, 0 errors, 0 left on base; Florida 1 - Villanova 2 | TOP OF THE 6TH |
---|
Florida Gators batting - Pitching for Villanova Wildcats : LHP Tom Simms | Batting: RHB Dwayne Dickey | 0-0: SINGLE (Line Drive, 56) | Batting: LHB Juan Salas | 0-0: Foul Ball, location: 2F Pickoff Throw to First - Out! 0-1: SINGLE (Groundball, 4MD) | Batting: RHB Ryan Huber | 0-0: Called Strike 0-1: Ball 1-1: Ball 2-1: Fly out, F7 (Line Drive, 78D) | Batting: RHB Tom Robinson | 0-0: Fly out, F9 (Flyball, 9LM) | Top of the 6th over - 0 runs, 2 hits, 0 errors, 1 left on base; Florida 1 - Villanova 2 | BOTTOM OF THE 6TH |
---|
Villanova Wildcats batting - Pitching for Florida Gators : RHP Mike Walker | Batting: LHB William Donnelly | 0-0: Called Strike 0-1: Foul Ball, location: 2F 0-2: Strikes out swinging | Batting: RHB Paul Bell | 0-0: Called Strike 0-1: Foul Ball, location: 2F 0-2: Foul Ball, location: 2F 0-2: Ball 1-2: Ball 2-2: Foul Ball, location: 2F 2-2: Strikes out swinging | Batting: RHB Gary Jones | 0-0: SINGLE (Line Drive, 6MD) | Batting: LHB Anthony Samples | 0-0: Ball 1-0: Called Strike 1-1: Called Strike 1-2: Fly out, F7 (Flyball, 7S) | Bottom of the 6th over - 0 runs, 1 hit, 0 errors, 1 left on base; Florida 1 - Villanova 2 | TOP OF THE 7TH |
---|
Florida Gators batting - Pitching for Villanova Wildcats : LHP Tom Simms | Batting: RHB Shayne Garneau | 0-0: Called Strike 0-1: Ball 1-1: Ball 2-1: Ground out 4-3 (Groundball, 34) | Batting: LHB Daniel Brennan | 0-0: Ball 1-0: SINGLE (Groundball, 4D) | Pitching: LHP Noah Flint | | Batting: RHB Fred Byrd | 0-0: Ball 1-0: Foul Ball, location: 2F 1-1: Swinging Strike 1-2: Foul Ball, location: 2F 1-2: Strikes out swinging | Pinch Hitting: SHB Nick Ratzlaff | 0-0: Fly out, F9 (Flyball, 9LS) | Top of the 7th over - 0 runs, 1 hit, 0 errors, 1 left on base; Florida 1 - Villanova 2 | BOTTOM OF THE 7TH |
---|
Villanova Wildcats batting - Pitching for Florida Gators : RHP Mike Walker | Now in LF: Nick Ratzlaff | | Batting: RHB Clay Cowden | 0-0: Called Strike 0-1: Ball 1-1: SOLO HOME RUN (Flyball, 9LD), Distance : 313 ft | Batting: RHB Howard Lynch | 0-0: Called Strike 0-1: Ball 1-1: Fly out, F9 (Line Drive, 9) | Batting: SHB Neil Floyd | 0-0: Swinging Strike 0-1: Fly out, F8 (Flyball, 8LM) | Batting: RHB Bud López | 0-0: SINGLE (Line Drive, 34D) | Batting: RHB Michael Boulanger | 0-0: Swinging Strike 0-1: Swinging Strike 0-2: Strikes out looking | Bottom of the 7th over - 1 run, 2 hits, 0 errors, 1 left on base; Florida 1 - Villanova 3 | TOP OF THE 8TH |
---|
Florida Gators batting - Pitching for Villanova Wildcats : LHP Noah Flint | Now at 3B: José Gómez | | Now in CF: Mario Ramírez | | Batting: RHB Miguel Jaramillo | 0-0: Called Strike 0-1: Ball 1-1: Ball 2-1: Ground out 5-3 (Groundball, 56) | Batting: RHB Dwayne Dickey | 0-0: Called Strike 0-1: Ground out 6-3 (Groundball, 6) | Batting: LHB Juan Salas | 0-0: Ball 1-0: Ball 2-0: Ball 3-0: Base on Balls | Batting: RHB Ryan Huber | 0-0: Called Strike 0-1: Swinging Strike 0-2: SINGLE (Groundball, 56) (infield hit) Juan Salas to second | Pitching: RHP Bill Pearson | | Batting: RHB Tom Robinson | 0-0: Ball 1-0: Fielders Choice at 2nd, U6 (Groundball, 6M) | Top of the 8th over - 0 runs, 1 hit, 0 errors, 2 left on base; Florida 1 - Villanova 3 | BOTTOM OF THE 8TH |
---|
Villanova Wildcats batting - Pitching for Florida Gators : RHP Mike Walker | Batting: LHB William Donnelly | 0-0: Ball 1-0: Ball 2-0: Ball 3-0: Base on Balls | Batting: RHB Paul Bell | 0-0: Called Strike 0-1: Ball 1-1: Ball 2-1: Ball 3-1: Foul Ball, location: 2F 3-2: SINGLE (Line Drive, 13S) William Donnelly to second | Batting: RHB Gary Jones | 0-0: Called Strike 0-1: Swinging Strike 0-2: Foul Ball, location: 2F 0-2: Ball 1-2: Foul Ball, location: 2F 1-2: Strikes out looking | Pitching: RHP Gary Vázquez | | Batting: LHB Anthony Samples | 0-0: 3-RUN HOME RUN (Flyball, 7D), Distance : 351 ft | Batting: RHB Clay Cowden | 0-0: Ball 1-0: Ball 2-0: Foul Ball, location: 2F 2-1: Ball 3-1: Base on Balls | Batting: RHB Howard Lynch | 0-0: Swinging Strike 0-1: Ball Passed Ball! Clay Cowden to second 1-1: Called Strike 1-2: Strikes out looking | Batting: SHB Neil Floyd | 0-0: Ball 1-0: Ball 2-0: Ball 3-0: Base on Balls | Batting: RHB Mario Ramírez | 0-0: DOUBLE (Groundball, 5L) Clay Cowden scores Neil Floyd to third | Batting: LHB José Gómez | 0-0: Ball 1-0: Foul Ball, location: 2F 1-1: Called Strike 1-2: Strikes out looking | Bottom of the 8th over - 4 runs, 3 hits, 0 errors, 2 left on base; Florida 1 - Villanova 7 | TOP OF THE 9TH |
---|
Florida Gators batting - Pitching for Villanova Wildcats : RHP Bill Pearson | Now in LF: Steve Jones | | Batting: RHB Shayne Garneau | 0-0: Swinging Strike 0-1: Swinging Strike 0-2: Ball 1-2: Ball 2-2: Strikes out swinging | Batting: LHB Daniel Brennan | 0-0: Swinging Strike 0-1: Swinging Strike 0-2: Strikes out swinging | Batting: RHB Fred Byrd | 0-0: Ball 1-0: Called Strike 1-1: Ball 2-1: SINGLE (Groundball, 6MD) | Batting: SHB Nick Ratzlaff | 0-0: Ball 1-0: Ball 2-0: Called Strike 2-1: Foul Ball, location: 2F 2-2: Foul Ball, location: 2F 2-2: Ground out 4-3 (Groundball, 34) | Top of the 9th over - 0 runs, 1 hit, 0 errors, 1 left on base; Florida 1 - Villanova 7 | |